 Dungeon Crawl Stone Soup version 0.27-a0-650-g8dd3ea4f36 (webtiles) character file.

Game seed: 4026472412463097324

929 kae the Ruffian (level 8, -7/61 (69) HPs)
             Began as a Naga Transmuter on Mar 15, 2021.
             Mangled by a wight
             ... wielding a +4 battleaxe
              (21 damage)
             ... on level 5 of the Dungeon.
             The game lasted 00:04:29 (5665 turns).

kae the Ruffian (Naga Transmuter)                   Turns: 5665, Time: 00:04:30

HP:   -7/61 (69)    AC:  2    Str: 16    XL:     8   Next: 11%
MP:   10/13         EV: 20    Int: 13    God:
Gold: 207           SH:  0    Dex: 16    Spells: 5/13 levels left

rFire    . . .     SeeInvis +     - Unarmed
rCold    . . .     Faith    .   (shield currently unavailable)
rNeg     . . .     Spirit   .   (armour currently unavailable)
rPois    x         Reflect  .   (helmet currently unavailable)
rElec    .         Harm     .   (cloak currently unavailable)
rCorr    .         Rampage  .   (gloves currently unavailable)
Will     +....                  (no barding)
Stlth    +.........             (no amulet)
HPRegen  0.20/turn              (no ring)
MPRegen  0.13/turn              (no ring)

@: mighty, spider-form (expiring), heavily drained
A: venomous fangs, AC +2, tiny, see invisible, (deformed body), (poison
resistance), (slowness 2), spit poison 1, (naga tail 1)
a: Spit Poison, End Transformation


You were on level 5 of the Dungeon.
You were a venomous arachnid creature.
You visited 1 branch of the dungeon, and saw 5 of its levels.

You collected 207 gold pieces.

Inventory:

Armour
 a - a +1 robe (melded)
Jewellery
 e - a ring of flight
 i - a ring of see invisible
Scrolls
 b - a scroll of identify
 d - 3 scrolls of fog
 k - a scroll of teleportation
Potions
 f - a potion of brilliance
 g - a potion of attraction
 n - a potion of invisibility


   Skills:
 + Level 3.3 Fighting
 + Level 2.9 Dodging
 * Level 5.4 Unarmed Combat
 + Level 3.4 Spellcasting
 * Level 4.9 Transmutations
 * Level 1.1 Ice Magic
 - Level 3.0 Poison Magic


You had 5 spell levels left.
You knew the following spells:

 Your Spells              Type           Power      Damage    Failure   Level
a - Beastly Appendage     Tmut           30%        N/A       11%         1
b - Spider Form           Tmut/Pois      6%         N/A       30%         3
c - Ice Form              Ice/Tmut       10%        N/A       75%         4

Your spell library contained the following spells:

 Spells                   Type           Power      Damage    Failure   Level
 Wereblood                Tmut           15%        N/A       13%         2
 Animate Skeleton         Necr           4%         N/A       43%         1
 Apportation              Tloc           4%         N/A       43%         1
 Corona                   Hex            2%         N/A       43%         1
 Summon Small Mammal      Summ           8%         N/A       43%         1
 Blade Hands              Tmut           7%         N/A       82%         5


Dungeon Overview and Level Annotations

Branches:
Dungeon (5/15)
 Temple: D:4-7

Altars:
Kikubaaqudgha
Makhleb
Nemelex Xobeh
Qazlal
Ru
Trog
Vehumet
Wu Jian


Innate Abilities, Weirdness & Mutations

You are a venomous arachnid creature.
You have poisonous fangs.
You are tiny and dextrous.
Your spellcasting is less reliable in this form.
Your armour is entirely melded.
You are incapable of wielding weapons or throwing items.
((Your serpentine skin is tough. (AC +2)))
You have supernaturally acute eyesight. (SInv)
((Armour fits poorly on your strangely shaped body.))
((Your system is resistant to poisons. (rPois)))
((You cover ground very slowly.))
You can spit poison.
((You have a snake-like lower body.))


Message History

The wight is severely damaged.
Your transformation has ended.
Your +1 robe unmelds from your body.
The wight hits you with a +4 flail!
You feel drained.
You hit the wight.
The wight is severely damaged.
The wight hits you with a +4 flail.
You feel drained.
Casting: Spider Form (dangerous; 13% risk of failure)
Confirm with . or Enter, or press ? or * to list all spells.
You turn into a venomous arachnid creature.
Your +1 robe melds into your body.
The wight barely misses you. The wight hits you with a +4 flail.
You hit the wight but do no damage.
The wight is severely damaged.
The wight completely misses you.
You hit the wight.
You destroy the wight!
You hit the wight but do no damage.
The wight is almost destroyed.
Your transformation is almost over.
The wight completely misses you.
You barely miss the wight.
The wight is almost destroyed.
The wight misses you. The wight hits you with a +4 battleaxe!
* * * LOW HITPOINT WARNING * * *
You feel drained.
* * * LOW HITPOINT WARNING * * *
You hit the wight.
The wight is almost destroyed.
The wight hits you from afar with a +0 spear.
* * * LOW HITPOINT WARNING * * *
You feel drained. The wight completely misses you.
You barely miss the wight.
The wight is almost destroyed.
The wight misses you. The wight completely misses you.
You feel better. The wight misses you. The wight barely misses you.
You feel very mighty all of a sudden. The wight misses you.
The wight hits you with a +4 battleaxe!!
You die...

#....†...............#...#
###.###########..#..........
#.....# #..##...#....#
#.....#### #.....#.....##
#........# #.##.....#....
#.....##.# #.#....#...##.
#.....##.## #...........#.
#######.#.#####.#...#.......
#.....###zs....##.##.#...#.
#.####.#z####......,.##.#*,
#.# ##.## *#.##....,,,..,,
#.# ###..###.....,,..,*,***
#.# #.z).........,,,,,,,*
#.# #......#.....,,,,,***
#.# #.......#.##...,,** #.#
#......##.##..,.**
#.###.#z..###.##.#.#*


You could see 2 wights.

Vanquished Creatures
  A sky beast (D:5)
  3 ogres
  Blork the orc (D:4)
  A scorpion (D:4)
  2 wights (D:5)
  A hound (D:4)
  An orc priest (D:3)
  An iguana (D:4)
  2 orc wizards (D:4)
  3 worker ants (D:4)
  A howler monkey skeleton (D:4)
  7 adders
  A white imp (D:5)
  An ooze (D:4)
  An adder skeleton (D:4)
  4 worms
  6 leopard geckos
  10 orcs
  2 ball pythons
  9 bats
  5 giant cockroaches
  8 goblins
  8 hobgoblins
  6 jackals
  3 kobolds (D:3)
  2 quokkas
  2 ball python skeletons (D:4)
  11 frilled lizards
  4 rats
107 creatures vanquished.

Notes
Turn   | Place    | Note
-------+----------+-------------------------------------------
     0 | D:1      | kae the Naga Transmuter began the quest for the Orb.
     0 | D:1      | Reached XP level 1. HP: 18/18 MP: 3/3
   333 | D:1      | Reached XP level 2. HP: 24/25 MP: 5/5
  1070 | D:2      | Reached XP level 3. HP: 29/31 MP: 4/6
  1080 | D:2      | Learned a level 3 spell: Spider Form
  1558 | D:2      | Reached skill level 1 in Poison Magic
  1566 | D:2      | Found a sacrificial altar of Ru.
  1573 | D:2      | Found a radiant altar of Vehumet.
  2167 | D:2      | Reached XP level 4. HP: 26/38 MP: 3/7
  2457 | D:3      | Reached XP level 5. HP: 4/45 MP: 4/8
  2472 | D:3      | HP: 2/45 [orc/+0 dagger (1)]
  2991 | D:3      | Found an ornate altar of the Wu Jian Council.
  3076 | D:3      | Found a bloodstained altar of Trog.
  3309 | D:4      | Noticed an ogre
  3321 | D:4      | Killed an ogre
  3322 | D:4      | Reached skill level 4 in Unarmed Combat
  3322 | D:4      | Reached XP level 6. HP: 18/52 MP: 5/9
  3645 | D:4      | Found an ancient bone altar of Kikubaaqudgha.
  3654 | D:4      | Found a sparkling altar of Nemelex Xobeh.
  3691 | D:4      | Noticed Blork the orc
  3761 | D:4      | Killed Blork the orc
  4246 | D:4      | Reached XP level 7. HP: 61/61 MP: 8/11
  4711 | D:4      | Found a stormy altar of Qazlal.
  4713 | D:4      | Noticed an air elemental
  4714 | D:4      | Noticed a water elemental
  4714 | D:4      | Noticed a fire elemental
  4820 | D:4      | Found a burning altar of Makhleb.
  4866 | D:5      | Entered Level 5 of the Dungeon
  5022 | D:5      | Reached skill level 5 in Unarmed Combat
  5339 | D:5      | Learned a level 4 spell: Ice Form
  5424 | D:5      | Reached XP level 8. HP: 48/69 MP: 8/13
  5568 | D:5      | Reached skill level 1 in Ice Magic
  5665 | D:5      | Mangled by a wight

Illustrated notes

Levels and vault maps discovered:
D:1:      matt_arrival_diagonals, layout_basic, chequers_serial_rivers_large_b
D:2:      layout_rooms, grunt_temple_overflow_open, st_stairs_2
D:3:      layout_rooms, lemuel_round_altar, trog_three_pillars_becter
D:4:      layout_cave_pods, lemuel_doored_altar, general_overflow_altar,
          nicolae_qazlal_style_of_elements, nemelex_spade_bored_becter,
          uniq_blork_the_orc
D:5:      layout_loops_ring, serial_shops, shop,
          hangedman_decor_clover_reticule, uniq_pikel, uniq_edmund, uniq_grinder

Skill      XL: |  1  2  3  4  5  6  7  8 |
---------------+-------------------------+-----
Poison Magic   | 1 2 3 |  3.0
Transmutations | 3 4 |  4.9
Dodging        | 2 |  2.9
Fighting       | 2 3 |  3.3
Unarmed Combat | 4 5 |  5.4
Spellcasting   | 3 |  3.4
Ice Magic      | 1 |  1.1

Action                   |  1- 3 |  4- 6 |  7- 9 || total
-------------------------+-------+-------+-------++-------
Melee: Unarmed           |    84 |   136 |    74 ||   294
       Headbutt          |     4 |     3 |     1 ||     8
       Punch             |       |     1 |       ||     1
 Cast: Beastly Appendage |    14 |    12 |     1 ||    27
       Spider Form       |     1 |    14 |    10 ||    25
 Abil: Spit Poison       |    36 |    20 |     4 ||    60
  Use: Scroll            |     2 |       |     9 ||    11
       Potion            |       |     4 |     2 ||     6
 Stab: Sleeping          |       |     1 |     1 ||     2
Armor: Robe              |    41 |    21 |     2 ||    64
       Skin              |     2 |     1 |     1 ||     4
Dodge: Dodged            |    79 |   123 |    53 ||   255

Table legend: (Time is in decaauts)
 A = Elapsed time spent in this place.
 B = Non-inter-level travel time spent in this place.
 C = Inter-level travel time spent in this place.
 D = Time resting spent in this place.
 E = Time spent auto-exploring this place.
 F = Levels seen in this place.
 G = Mean time per level.
                   A        B        C        D        E       F      G
               +--------+--------+--------+--------+--------+-----+--------+
         Total |   6593 |   6445 |    148 |    813 |   4806 |   5 | 1318.6 |
       Dungeon |   6593 |   6445 |    148 |    813 |   4806 |   5 | 1318.6 |
               +--------+--------+--------+--------+--------+-----+--------+

Top non-repeatable levels by time:
     D:4: 1814 daAuts
     D:2: 1489 daAuts
     D:1: 1324 daAuts
     D:3: 1112 daAuts
     D:5: 851 daAuts
